 Dungeon Crawl Stone Soup version 0.24-a0-7-g1bb0902669 (webtiles) character file.

Game seed: 8805610261616537659

35 Raymar the Caller (level 3, 0/19 HPs)
             Began as a Deep Elf Summoner on Jan 31, 2019.
             Succumbed to a kobold's poison
             ... on level 3 of the Dungeon.
             The game lasted 00:05:17 (1209 turns).

Raymar the Caller (Deep Elf Summoner)               Turns: 1209, Time: 00:05:17

Health: 0/19       AC:  2    Str:  3 (5)  XL:     3   Next: 16%
Magic:  1/10       EV: 13    Int: 17 (20) God:
Gold:   55         SH:  0    Dex: 13 (15) Spells: 4/10 levels left

rFire    . . .     SeeInvis .   i - +2 short sword (venom)
rCold    . . .     Gourm    .   (no shield)
rNeg     . . .     Faith    .   a - +0 robe
rPois    .         Spirit   .   (no helmet)
rElec    .         Reflect  .   (no cloak)
rCorr    .         Harm     .   (no gloves)
MR       .....                  (no boots)
Stlth    ++........             (no amulet)
HPRegen  0.06/turn              (no ring)
MPRegen  0.12/turn              (no ring)

@: lethally poisoned (0 -> -17)
A: no striking features
a: no special abilities


You were on level 3 of the Dungeon.
You were not hungry.

You visited 1 branch of the dungeon, and saw 3 of its levels.

You collected 55 gold pieces.

Inventory:

Hand Weapons
 i - a +2 short sword of venom (weapon)
Armour
 a - a +0 robe (worn)
Scrolls
 b - a scroll of random uselessness
 g - a scroll of teleportation
 h - a scroll of identify {unknown}
Potions
 d - a potion of heal wounds {unknown}
 e - a potion of degeneration
 f - a potion of magic {unknown}
Comestibles
 c - 7 rations


   Skills:
 + Level 2.4 Dodging
 + Level 2.4 Stealth
 + Level 4.1 Spellcasting
 + Level 5.0 Summonings


You had 4 spell levels left.
You knew the following spells:

 Your Spells              Type           Power        Failure   Level  Hunger
a - Summon Small Mammal   Summ           ###.         1%          1    None
b - Call Imp              Summ           ###.....     3%          2    ##.....
c - Call Canine Familiar  Summ           ###.....     6%          3    ###....

Your spell library contained the following spells:

 Spells                   Type           Power        Failure   Level  Hunger
 Summon Guardian Golem    Hex/Summ       ##......     17%         3    ###....
 Summon Ice Beast         Ice/Summ       ##......     50%         4    ####...
 Summon Lightning Spire   Summ/Air       ##......     50%         4    ####...


Dungeon Overview and Level Annotations

Branches:
Dungeon (3/15)

Altars:
Qazlal

Annotations:
D:3 Robin


Message History

The kobold shoots a poisoned needle.
The poisoned needle hits you!
You are lethally poisoned!
Your white imp gestures at the goblin.
The puff of frost hits the goblin!
The goblin dies!
Your crimson imp barely misses the goblin.
You see here a poisoned needle.
You feel sick. The goblin hits you.
Your quokka bites the ooze but does no damage.
Your white imp gestures at the goblin.
The puff of frost misses the goblin.
The puff of frost hits you!
* * * LOW HITPOINT WARNING * * *
The ooze hits your white imp.
Your crimson imp barely misses the goblin.
Things that are here:
a +0 club; a +0 ring mail; an orc corpse It was a potion of degeneration.
There was something very wrong with that liquid.
You feel weakened.
You feel dopey.
You feel clumsy.
You die...

.........####...#
#....K......gg.# .
#..........g...#
..#........r.g.### .
...........J...##### ..
#.......§5g.......#...
#.......5((....#.....
#.....(g..(..........
##.....@....).........
#......<.5............
.......†...............
.............#.........
..........####.........
..........> #.........
%.......##.# #.........
........# .. ..###..###
....... ####.# .##


You could see Robin, an ooze, 2 hobgoblins, 3 goblins, a kobold, 2 friendly
crimson imps, a friendly white imp and a friendly quokka.

Vanquished Creatures (collateral kills)
  2 worms (D:2)
  2 dart slugs (D:1)
  A leopard gecko (D:1)
  An orc (D:3)
  6 giant cockroaches
  6 goblins
  3 hobgoblins
  6 kobolds
  A quokka (D:3)
  2 ball pythons
  5 bats
  2 frilled lizards
  5 rats
42 creatures vanquished.

Notes
Turn   | Place    | Note
-------+----------+-------------------------------------------
     0 | D:1      | Raymar the Deep Elf Summoner began the quest for the Orb.
     0 | D:1      | Reached XP level 1. HP: 10/10 MP: 6/6
   154 | D:1      | Reached XP level 2. HP: 12/15 MP: 1/8
   163 | D:1      | Learned a level 2 spell: Call Imp
   828 | D:2      | Found a stormy altar of Qazlal.
   941 | D:2      | Reached skill level 5 in Summonings
  1042 | D:2      | Reached XP level 3. HP: 19/19 MP: 7/10
  1047 | D:2      | Learned a level 3 spell: Call Canine Familiar
  1200 | D:3      | Noticed Robin
  1209 | D:3      | Succumbed to a kobold's poison

Vault maps used:
D:1:      saegor_arrival_simple_b, hex_tiny, minmay_tiny_reverse_x
D:2:      grunt_qazlal_sundering, kennysheep_generic_room_2
D:3:      cheibrodos_greedy_goblins, tgw_trog, amethyst_overflow_temple_binary,
          nemelex_altar_shiori, gup_sewer_entry_bowl, uniq_robin, uniq_natasha

Skill      XL: |  1  2 |
---------------+-------+-----
Spellcasting   | 4 |  4.1
Summonings     | 5 |  5.0
Dodging        | |  2.4
Stealth        | |  2.4

Action                   || total
-------------------------++-------
Melee: Dagger            ||     1
       Short sword       ||     4
 Cast: Summon Small Mamm ||    18
       Call Imp          ||    34
       Call Canine Famil ||     3
  Use: Scroll            ||     4
       Potion            ||     1
  Eat: Chunk             ||     2
Armor: Robe              ||     7
Dodge: Dodged            ||    25

Table legend:
 A = Non-vault XP
 B = Vault XP
 C = Vault XP percentage of total XP
 D = Non-vault monster count
 E = Vault monster count
 F = Vault count percentage of total count
                 A         B        C        D         E       F
            +---------+---------+-------+---------+---------+-------
      Total |      43 |       7 |  14.0 |      35 |       7 |  16.7
            +---------+---------+-------+---------+---------+-------
        D:1 |      22 |       2 |   8.3 |      19 |       2 |   9.5
        D:2 |      15 |       3 |  16.7 |      11 |       3 |  21.4
        D:3 |       6 |       2 |  25.0 |       5 |       2 |  28.6
            +---------+---------+-------+---------+---------+-------
